 Dungeon Crawl Stone Soup version 0.30.1-3-gfc49f6343a (webtiles) character file.

Game seed: 13300025781675212963

5849 Anandil the Fighter (level 10, -6/82 HPs)
             Began as a Demonspawn Fighter on Aug 1, 2023.
             Was a Follower of Ru.
             Mangled by a hornet (12 damage)
             ... on level 10 of the Dungeon.
             The game lasted 00:28:22 (12991 turns).

Anandil the Fighter (Demonspawn Fighter)           Turns: 12991, Time: 00:28:23

Health: -6/82      AC: 14    Str: 22    XL:     10   Next: 51%
Magic:  10/10      EV:  6    Int: 13    God:    Ru [*.....]
Gold:   439        SH:  5    Dex: 12    Spells: 9/9 levels left

rFire   + . .        a - +0 trident
rCold   . . .        c - +0 buckler
rNeg    . . .        v - +0 plate armour
rPois   .            (no helmet)
rElec   .            (cloak unavailable)
rCorr   .            k - +0 pair of gloves
SInv    .            (no boots)
Will    .....        (no amulet) Stlth
                     l - ring of flight
HPRegen 0.33/turn    F - ring of protection from fire
MPRegen 0.12/turn

%: no passive effects
@: lethally poisoned (-6 -> -18), flying, slowed, very slow
A: powered by death 1, powered by pain 1, no conjurations magic, no hexes magic,
no poison magic, big brain 2, weakness stinger 3
a: Renounce Religion


You were on level 10 of the Dungeon.
You worshipped Ru.
Ru was aware of your devotion.
You visited 2 branches of the dungeon, and saw 11 of its levels.

You collected 543 gold pieces.
You spent 104 gold pieces at shops.

Inventory:

Hand Weapons
 a - a +0 trident (weapon)
Missiles
 s - 13 poisoned darts (quivered)
 E - a curare-tipped dart
Armour
 c - a +0 buckler (worn)
 k - a +0 pair of gloves (worn)
 o - +0 swamp dragon scales
 v - a +0 plate armour (worn)
Jewellery
 l - a ring of flight (left hand)
 F - a ring of protection from fire (right hand)
Wands
 w - a wand of flame (15)
Scrolls
 e - 5 scrolls of identify
 g - 3 scrolls of fear
 h - 3 scrolls of amnesia
 j - 5 scrolls of magic mapping
 m - 3 scrolls of enchant weapon
 t - 2 scrolls of torment
 u - 4 scrolls of teleportation
 y - 4 scrolls of fog
 A - 2 scrolls of enchant armour
 B - 2 scrolls of blinking
 H - a scroll of immolation {unknown}
Potions
 b - 3 potions of flight
 d - 2 potions of might
 f - 3 potions of lignification {unknown}
 n - a potion of brilliance {unknown}
 p - a potion of berserk rage {unknown}
 q - a potion of cancellation {unknown}
 r - a potion of attraction {unknown}
 z - 2 potions of invisibility
 C - 2 potions of degeneration {unknown}
 D - 3 potions of mutation


   Skills:
 + Level 8.7 Fighting
 + Level 7.6 Polearms
 + Level 7.9 Armour
 - Level 7.4 Shields


You had 9 spell levels left.
You didn't know any spells.
Your spell library contained the following spells:

 Spells                   Type           Power      Damage    Failure   Level
 Passwall                 Tmut/Erth      0%         N/A       100%        2
 Sublimation of Blood     Necr           0%         N/A       100%        2
 Swiftness                Air            0%         N/A       100%        3
 Petrify                  Tmut/Erth      0%         N/A       100%        4
 Summon Lightning Spire   Summ/Air       0%         N/A       100%        4
 Storm Form               Tmut/Air       0%         N/A       100%        7
 Maxwell's Capacitive Co  Air            0%         ∞         100%        8
 Ensorcelled Hibernation  Hex/Ice        Unusable   N/A       N/A         2
 Poisonous Vapours        Pois/Air       Unusable   N/A       N/A         2
 Mephitic Cloud           Conj/Pois/Air  Unusable   N/A       N/A         3
 Freezing Cloud           Conj/Ice/Air   Unusable   6-21      N/A         5
 Irradiate                Conj/Tmut      Unusable   3d11      N/A         5

Dungeon Overview and Level Annotations

Branches:
Dungeon (10/15)            Temple (1/1) D:7            Lair (0/5) D:10
    Orc (0/2) D:10

Altars:
Ashenzari
Cheibriados
Dithmenos
Fedhas
Gozag
Hepliaklqana
Kikubaaqudgha
Makhleb
Nemelex Xobeh
Qazlal
Ru
Sif Muna
Trog
Uskayaw
Vehumet
Wu Jian
Xom
Yredelemnul

Shops:
D:5 !   D:7 !

Annotations:
D:3 1 runed translucent door, Crazy Yiuf
D:8 1 transporter, Gastronok


Innate Abilities, Weirdness & Mutations

You regenerate a little health from kills.
You sometimes gain a little power by taking damage.
You cannot study or cast Conjurations magic.
You cannot study or cast Hexes magic.
You cannot study or cast Poison magic.
You have an extremely huge brain. (Int +4)
You have a sharp stinger which inflicts weakening toxins.


Message History

You feel as though you will be slow longer.
Unknown command.
Unknown command.
You feel much better.
You feel very sick. You block the hornet's attack. The hornet stings you.
* * * LOW HITPOINT WARNING * * *
You feel as though you will be slow longer.
The hornet stings you!
* * * LOW HITPOINT WARNING * * *
You are lethally poisoned!
You feel as though you will be slow longer.
Okay, then.
You feel much better.
You feel extremely sick.
The hornet stings you but does no damage.
You block the hornet's attack.
Aiming: Mindburst
Press: ? - help, Shift-Dir - straight line, f/p - hornet
Aim: a hornet (severely wounded, chance to affect: 55%)
The hornet resists with significant effort.
The now-empty wand crumbles to dust.
You feel very sick.
The hornet stings you but does no damage.
The hornet stings you!
* * * LOW HITPOINT WARNING * * *
You are lethally poisoned!
You feel as though you will be slow longer.
Unknown command.
Unknown command.
Unknown command.
Unknown command.
Okay, then.
Okay, then.
You miss the hornet.
The hornet is severely wounded.
* * * LOW HITPOINT WARNING * * *
You feel extremely sick. The hornet stings you!
You die...

####.## #.#
#.# ##.####
#.# #(....#
#.# #(.##.#
#.# #..##.#
#.# #..##.#
#.# #(....#
#.###y#######
#....@.......
#############


You could see a hornet.

Vanquished Creatures
  Pikel (D:6)
  Joseph (D:8)
  Maggie (D:8)
  A komodo dragon (D:9)
  A troll (D:9)
  Grinder (D:5)
  A hornet (D:9)
  A yak (D:10)
  A wyvern (D:9)
  2 wargs (D:9)
  Duvessa (D:5)
  A water moccasin (D:4)
  An ice beast (D:6)
  2 orc warriors
  2 ogres
  A kobold brigand (D:9)
  A bullfrog (D:7)
  A gnoll sergeant (D:10)
  4 scorpions
  15 wights
  Dowan (D:5)
  3 killer bees (D:9)
  A howler monkey (D:10)
  3 gnoll boudas
  2 hounds (D:5)
  3 jellies
  8 orc priests
  7 iguanas
  10 orc wizards
  4 adders
  19 gnolls
  3 shadow imps
  A white imp (D:5)
  An ufetubus (D:5)
  4 worms
  2 dart slugs
  55 orcs
  A bat (D:1)
  8 endoplasms
  A giant cockroach (D:2)
  6 goblins
  8 hobgoblins
  4 jackals (D:3)
  14 kobolds
  A quokka (D:4)
  4 ball pythons
  A frilled lizard (D:2)
  4 rats
219 creatures vanquished.

Notes
Turn   | Place    | Note
-------+----------+-------------------------------------------
     0 | D:1      | Anandil the Demonspawn Fighter began the quest for the Orb.
     0 | D:1      | Reached XP level 1. HP: 18/18 MP: 1/1
   264 | D:1      | Gained mutation: You regenerate a little health from kills.
                  | [demonic ancestry]
   264 | D:1      | Reached XP level 2. HP: 24/24 MP: 2/2
  1223 | D:2      | Gained mutation: You have an unusually large brain. (Int
                  | +2) [demonic ancestry]
  1223 | D:2      | Reached XP level 3. HP: 16/29 MP: 3/3
  1390 | D:3      | Identified the +5 hammer "Pautelen" {heavy, rF+ Str+2}
  1392 | D:3      | Identified the +0 hammer of Plunder {freeze, rN+}
  1398 | D:3      | Found a runed translucent door.
  1399 | D:3      | Noticed Crazy Yiuf
  1855 | D:3      | Gained mutation: You have a small tail. [demonic ancestry]
  1855 | D:3      | Reached XP level 4. HP: 12/36 MP: 4/4
  2042 | D:3      | Found a faded altar of an unknown god.
  2381 | D:4      | Noticed a scorpion
  2463 | D:3      | Killed a scorpion
  2464 | D:3      | Reached skill level 4 in Fighting
  2464 | D:3      | Gained mutation: You sometimes gain a little power by
                  | taking damage. [demonic ancestry]
  2464 | D:3      | Reached XP level 5. HP: 24/42 MP: 5/5
  2929 | D:4      | Reached XP level 6. HP: 47/48 MP: 6/6
  2942 | D:4      | Found a blossoming altar of Fedhas.
  3001 | D:4      | Noticed a water moccasin
  3022 | D:4      | Killed a water moccasin
  3764 | D:5      | Entered Level 5 of the Dungeon
  3870 | D:5      | Noticed Duvessa
  3870 | D:5      | Noticed Dowan
  3904 | D:5      | Killed Dowan
  3912 | D:5      | Reached XP level 7. HP: 35/55 MP: 7/7
  3949 | D:5      | Killed Duvessa
  4002 | D:5      | Reached skill level 5 in Fighting
  4486 | D:5      | Noticed Grinder
  4491 | D:5      | Paralysed by something for 4 turns
  4525 | D:5      | Paralysed by something for 2 turns
  4557 | D:5      | Killed Grinder
  4558 | D:5      | Reached skill level 5 in Armour
  4558 | D:5      | Reached skill level 5 in Shields
  4558 | D:5      | Gained mutation: You have an extremely huge brain. (Int +4)
                  | [demonic ancestry]
  4558 | D:5      | Reached XP level 8. HP: 60/64 MP: 8/8
  4679 | D:5      | Found Vusk's Distillery.
  4691 | D:5      | Bought a potion of curing for 39 gold pieces
  4703 | D:5      | Bought a potion of heal wounds for 65 gold pieces
  5138 | D:5      | Reached skill level 5 in Polearms
  5206 | D:5      | Reached skill level 6 in Fighting
  5423 | D:6      | Found a sacrificial altar of Ru.
  5581 | D:6      | Became a worshipper of Ru the Awakened
  5634 | D:6      | Found a snail-covered altar of Cheibriados.
  5860 | D:6      | Noticed Pikel
  5891 | D:6      | Paralysed by Pikel for 2 turns
  5912 | D:6      | Paralysed by Pikel for 2 turns
  5915 | D:6      | Paralysed by Pikel for 3 turns
  5939 | D:6      | Killed Pikel
  5940 | D:6      | Gained mutation: You have a tail ending in a sharp stinger.
                  | [demonic ancestry]
  5940 | D:6      | Reached XP level 9. HP: 25/71 MP: 9/9
  6765 | D:5      | Reached skill level 7 in Fighting
  7860 | D:7      | Found a shimmering blue altar of Sif Muna.
  7941 | D:7      | Found a shadowy altar of Dithmenos.
  7967 | D:7      | Found a staircase to the Ecumenical Temple.
  7997 | Temple   | Entered the Ecumenical Temple
  8145 | D:7      | Found Zochiysk's Distillery.
  8493 | D:8      | Noticed Joseph
  8664 | D:8      | Killed Joseph
  8885 | D:8      | Found a stormy altar of Qazlal.
  8890 | D:8      | Found a hazy altar of Hepliaklqana.
  8910 | D:8      | Found a broken altar of Ashenzari.
  9011 | D:8      | Noticed Gastronok
  9174 | D:8      | Found a transporter.
  9251 | D:8      | Found a transporter.
  9253 | D:8      | Noticed Maggie
  9465 | D:8      | Killed Maggie
  9915 | D:9      | Gained mutation: You have a sharp stinger which inflicts
                  | weakening toxins. [demonic ancestry]
  9915 | D:9      | Reached XP level 10. HP: 70/80 MP: 10/10
 10377 | D:9      | Reached skill level 8 in Fighting
 10391 | D:9      | Found an opulent altar of Gozag.
 10831 | D:9      | Gained mutation: You cannot study or cast Poison magic. [Ru
                  | sacrifice]
 10831 | D:9      | Gained mutation: You cannot study or cast Hexes magic. [Ru
                  | sacrifice]
 10831 | D:9      | Gained mutation: You cannot study or cast Conjurations
                  | magic. [Ru sacrifice]
 10831 | D:9      | Reached * piety under Ru
 11372 | D:10     | Entered Level 10 of the Dungeon
 11372 | D:10     | Noticed a +0 dagger
 11372 | D:10     | Found a staircase to the Orcish Mines.
 11373 | D:10     | Noticed a +0 hand axe
 11374 | D:10     | Found a hide-covered altar of Uskayaw.
 11430 | D:10     | Found a staircase to the Lair.
 12441 | D:10     | Identified the +5 glaive of Kuelague {drain, rF+}
 12447 | D:10     | Noticed a two-headed ogre
 12969 | D:10     | Paralysed by a hornet for 3 turns
 12975 | D:10     | Paralysed by a hornet for 1 turns
 12977 | D:10     | Paralysed by a hornet for 1 turns
 12979 | D:10     | Paralysed by a hornet for 3 turns
 12981 | D:10     | HP: 3/82 [hornet (5)]
 12987 | D:10     | HP: 2/82 [hornet (7)]
 12991 | D:10     | Mangled by a hornet

Illustrated notes

Levels and vault maps discovered:
D:1:      mrwooster_arrival_statue, layout_basic, minmay_pentomino_r2
D:2:      layout_basic
D:3:      layout_rooms, shapermc_ecumenical_altar_totnotflames,
          serial_bayou_pond_d, chequers_serial_rivers_micro_a,
          roderic_roman_lattice, uniq_crazy_yiuf_cottage
D:4:      layout_loops_ring, fedhas_altar_3
D:5:      layout_basic, serial_shops, nicolae_shop_industrial_runoff,
          minmay_liquid_box, minivault_1, minmay_strange_pillars, uniq_duvessa,
          uniq_grinder
D:6:      layout_basic, mainiacjoe_overflow_large_starburst,
          mrwooster_statue_mirror, uniq_pikel
D:7:      layout_basic, tgw_sif, kennysheep_mini_moat,
          minmay_temple_entry_gardened_gates, serial_shops,
          nicolae_shop_industrial_runoff
D:8:      layout_cave_pools, grunt_temple_overflow_open, nicolae_diode_stairs,
          uniq_joseph, uniq_gastronok, uniq_maggie
D:9:      layout_small_grid, nicolae_gozag_cash_rules_everything_around_me
D:10:     layout_basic, kennysheep_okawaru_gauntlet, dancing_weapons_uskayaw,
          erik_lair_orcish_takeover, orc_0_dummy, kennysheep_cross_room,
          minmay_alternating_orb, uniq_psyche
Temple:   nicolae_temple_two_arcs

Skill      XL: |  1  2  3  4  5  6  7  8  9 10 |
---------------+-------------------------------+-----
Polearms       | 2 3 4 5 6 7 |  7.6
Armour         | 3 4 5 6 7 |  7.9
Shields        | 3 4 5 6 7 |  7.4
Fighting       | 4 5 6 7 8 |  8.7

Action                     |  1- 3 |  4- 6 |  7- 9 | 10-12 || total
---------------------------+-------+-------+-------+-------++-------
  Melee: Trident           |   123 |   144 |   541 |   249 ||  1057
         Tailslap          |       |    16 |    70 |    37 ||   123
         Unarmed           |       |       |     3 |       ||     3
  Throw: Dart              |     1 |    12 |    15 |    20 ||    48
 Invoke: Reject Sacrifices |       |       |     1 |       ||     1
         Sacrifice Arcana  |       |       |       |     1 ||     1
  Evoke: Wand              |       |       |     3 |    11 ||    14
    Use: Scroll            |       |       |    12 |       ||    12
         Potion            |       |       |     3 |     9 ||    12
   Stab: Distracted        |       |       |     1 |       ||     1
 Armour: Scale mail        |     5 |       |       |       ||     5
         Chain mail        |    62 |    16 |       |       ||    78
         Plate armour      |       |    39 |   276 |   190 ||   505
         Skin              |       |       |     1 |       ||     1
  Dodge: Dodged            |    34 |    36 |   129 |    87 ||   286
  Block: Buckler           |    22 |    39 |   106 |    77 ||   244
